 Dungeon Crawl Stone Soup version 0.17-a0-1636-g3119f2b (webtiles) character file.

151 Kidiri the Magician (level 5, 0/28 HPs)
             Began as a Deep Elf Fire Elementalist on Aug 5, 2015.
             Succumbed to an adder's poison
             ... on level 2 of the Dungeon.
             The game lasted 00:14:45 (3125 turns).

Kidiri the Magician (Deep Elf Fire Elementalist)    Turns: 3125, Time: 00:14:46

Health: 0/28       AC:  7    Str:  3 (5)  XL:     5   Next: 11%
Magic:  0/14       EV: 12    Int: 21      God:
Gold:   153        SH:  0    Dex: 15      Spells: 4 memorised, 4 levels left

rFire  . . .     SeeInvis .     l - staff of earth
rCold  . . .     Clarity  .     h - +0 leather armour
rNeg   . . .     SustAt   .     (no shield)
rPois  .         Gourm    .     (no helmet)
rElec  .         Spirit   .     e - +0 cloak
rCorr  .         Warding  .     s - +2 pair of gloves
rMut   .         Stasis   .     (no boots)
MR     .....                    (no amulet)
Stlth  ++........               (no ring)
                                (no ring)

@: lethally poisoned (0 -> -5), not resistant to hostile enchantments,
unstealthy
A: no striking features
a: no special abilities


You were on level 2 of the Dungeon.
You were hungry.

You visited 1 branch of the dungeon, and saw 3 of its levels.

You collected 153 gold pieces.

Inventory:

Hand weapons
 n - a +0 dagger
Missiles
 d - a throwing net (quivered)
Armour
 e - a +0 cloak (worn)
 h - a +0 leather armour (worn)
 s - a +2 pair of gloves (worn)
Magical staves
 l - an uncursed staff of earth (weapon)
Jewellery
 f - an uncursed ring of ice
Magical devices
 r - a wand of frost (25)
Scrolls
 m - 3 scrolls of remove curse
Books
 b - a book of Flames

   Spells                             Type                      Level
   a - Flame Tongue                   Conjuration/Fire             1
   b - Throw Flame                    Conjuration/Fire             2
   c - Conjure Flame                  Conjuration/Fire             3
   d - Inner Flame                    Hexes/Fire                   3
   e - Sticky Flame                   Conjuration/Fire             4
   f - Fireball                       Conjuration/Fire             5
Comestibles
 a - 2 chunks of flesh
 c - 2 bread rations
 i - 2 slices of pizza
 j - a meat ration


   Skills:
 + Level 0.2 Staves
 + Level 0.4 Armour
 * Level 3.2 Dodging
 * Level 3.9 Stealth
 * Level 4.6 Spellcasting
 + Level 1.8 Conjurations
 + Level 1.1 Hexes
 + Level 3.8 Fire Magic


You had 4 spell levels left.
You knew the following spells:

 Your Spells              Type           Power        Failure   Level  Hunger
a - Flame Tongue          Conj/Fire      ###..        10%         1    None
b - Throw Flame           Conj/Fire      ###...       14%         2    #......
c - Conjure Flame         Conj/Fire      ###.....     24%         3    ##.....
d - Inner Flame           Hex/Fire       ###.....     24%         3    ##.....


Dungeon Overview and Level Annotations

Branches:
Dungeon (3/15)

Altars:
Trog
Yredelemnul


Message History

You feel sick. The adder bites you but does no damage.
The orc hits you with a whip.
* * * LOW HITPOINT WARNING * * *
Unknown command.
Casting: Flame Tongue
Confirm with . or Enter, or press ? or * to list all spells.
Aiming: Flame Tongue
Press: ? - help, Shift-Dir - straight line, f/p - adder
Aim: an adder (moderately wounded)
The flame tongue hits the adder.
You kill the adder!
The orc hits you but does no damage.
Casting: Flame Tongue
Confirm with . or Enter, or press ? or * to list all spells.
Aiming: Flame Tongue
Press: ? - help, Shift-Dir - straight line, f - orc
Aim: an orc, wielding a whip The flame tongue hits the orc.
You kill the orc!
You die...

#...............###########..##.#
#.#.##..#.......#########.#..##.#
#.#.###.####.................##.#
#.....#.## #.#.....######.#..##.#
#)....#..###.#..................(
..........)........######.#..#..#
......##...#.##....# ####.#..#..#
......##......#....###...........
......###..#..#.@............#...
...........#.....)...............
#.....###..#.##..#...........#...
#.....# #..#.##........##.#..#...
#.#'### #..#.#...................
#.#.# #..#.#.#.###.#.##....#...
#.#.#####..#.#.#.###.............
#................................
###.#####.#..#.#.###.#.##...##...


There were no monsters in sight!

Vanquished Creatures
  Ijyb (D:2)
  Jessica (D:2)
  5 adders
  A giant gecko (D:1)
  2 orcs
  A giant cockroach (D:1)
  13 goblins
  7 hobgoblins
  3 jackals (D:2)
  6 kobolds
  A quokka (D:2)
  5 bats
  2 giant newts
  3 rats (D:2)
51 creatures vanquished.

Notes
Turn   | Place    | Note
--------------------------------------------------------------
     0 | D:1      | Kidiri the Deep Elf Fire Elementalist began the quest for the Orb.
     0 | D:1      | Reached XP level 1. HP: 10/10 MP: 6/6
   477 | D:1      | Reached XP level 2. HP: 15/15 MP: 6/8
   481 | D:1      | Learned a level 2 spell: Throw Flame
  1104 | D:2      | Reached XP level 3. HP: 19/19 MP: 2/10
  1377 | D:2      | Noticed Jessica
  1379 | D:2      | Killed Jessica
  1379 | D:2      | Reached skill level 4 in Spellcasting
  1379 | D:2      | Reached XP level 4. HP: 24/24 MP: 7/12
  1384 | D:2      | Learned a level 3 spell: Conjure Flame
  1388 | D:2      | Learned a level 3 spell: Inner Flame
  2127 | D:2      | Found a bloodstained altar of Trog.
  2614 | D:2      | Noticed Ijyb
  2621 | D:2      | Killed Ijyb
  2621 | D:2      | Reached skill level 1 in Hexes
  3045 | D:3      | Reached XP level 5. HP: 25/28 MP: 11/13
  3091 | D:3      | Found a basalt altar of Yredelemnul.
  3123 | D:2      | HP: 1/28 [orc/whip (3)]
  3125 | D:2      | Succumbed to an adder's poison

Vault maps used:
D:1:      tarquinn_simple_flora_water_f
D:2:      kennysheep_goblin_castle, lightli_temple_of_fire, uniq_jessica
D:3:      yredelemnul_forgotten_temple_becter, uniq_iyjb

Action                   |  1- 3 |  4- 6 || total
-------------------------+-------+-------++-------
Melee: Unarmed           |     1 |       ||     1
       Dagger            |     1 |     7 ||     8
       Staff             |       |     4 ||     4
 Cast: Flame Tongue      |    22 |    33 ||    55
       Throw Flame       |    17 |     9 ||    26
       Conjure Flame     |       |     5 ||     5
       Inner Flame       |       |     4 ||     4
  Use: Scroll            |     6 |     2 ||     8
       Potion            |     1 |     4 ||     5
 Stab: Sleeping          |       |     2 ||     2
  Eat: Chunk             |     2 |     5 ||     7
